 Dungeon Crawl Stone Soup version 0.21.1-1-g345015f (webtiles) character file.

209 inc the Ducker (level 5, -8/63 HPs)
             Began as a Demonspawn Monk on June 9, 2018.
             Mangled by an ogre
             ... wielding a +0 giant club
              (15 damage)
             ... on level 3 of the Dungeon.
             The game lasted 00:06:04 (3742 turns).

inc the Ducker (Demonspawn Monk)                    Turns: 3742, Time: 00:06:05

Health: -8/63      AC:  6    Str: 17    XL:     5   Next: 55%
Magic:  5/5        EV: 14    Int: 12    God:
Gold:   112        SH:  0    Dex: 15    Spells: 4/4 levels left

rFire    . . .     SeeInvis .   r - +0 whip
rCold    + . .     Gourm    .   (no shield)
rNeg     . . .     Faith    .   n - +0 leather armour
rPois    .         Spirit   .   (no helmet)
rElec    .         Reflect  .   h - +0 cloak
rCorr    .         Harm     .   m - +0 pair of gloves
MR       .....                  i - +0 pair of boots
Stlth    ..........             (no amulet)
HPRegen  0.20/turn              (no ring)
MPRegen  0.09/turn              (no ring)

@: berserking, drained, very quick
A: cold resistance 1, spiny 1
a: no special abilities


You were on level 3 of the Dungeon.
You were hungry.

You visited 1 branch of the dungeon, and saw 3 of its levels.

You collected 112 gold pieces.

Inventory:

Hand Weapons
 a - a +0 mace
 r - a +0 whip (weapon)
Armour
 b - a +0 robe
 h - a +0 cloak (worn)
 i - a +0 pair of boots (worn)
 m - a +0 pair of gloves (worn)
 n - a +0 leather armour (worn)
Jewellery
 g - an uncursed amulet of harm
 q - an uncursed amulet of harm
 y - an uncursed amulet of the gourmand {unknown}
Wands
 p - a wand of iceblast (12)
Scrolls
 d - a scroll of fog {unknown}
 e - a scroll of enchant armour {unknown}
 s - a scroll of random uselessness {unknown}
 t - a scroll of enchant weapon {unknown}
 v - a scroll of immolation {unknown}
 w - 2 scrolls of identify
 x - a scroll of remove curse {unknown}
Potions
 f - 4 potions of curing
 j - 2 potions of haste
 k - 2 potions of might {unknown}
 l - a potion of agility {unknown}
 u - a potion of resistance {unknown}
Comestibles
 c - 4 rations


   Skills:
 + Level 4.1(3.8) Fighting
 - Level 2.6(2.3) Maces & Flails
 - Level 5.1(4.7) Dodging
 - Level 1.7(1.4) Stealth


You had 4 spell levels left.
You didn't know any spells.

Dungeon Overview and Level Annotations

Branches:
Dungeon (3/15)

Altars:

Annotations:
D:2 1 runed door


Innate Abilities, Weirdness & Mutations

Your flesh is cold resistant. (rC+)
You are partially covered in sharp spines.


Message History

You hit the goblin.
You kill the goblin!
You hit the ogre but do no damage. The ogre closely misses you.
A goblin comes into view.
You barely miss the ogre. The ogre is struck by your spines.
The ogre completely misses you.
The goblin moves out of view.
You hit the ogre.
The ogre is moderately wounded.
The ogre is struck by your spines. The ogre hits you with a giant club!
* * * LOW HITPOINT WARNING * * *
A red film seems to cover your vision as you go berserk!
You feel yourself moving faster!
You feel mighty! The ogre barely misses you.
You hit the ogre.
The ogre is heavily wounded.
You completely miss the ogre.
The ogre is heavily wounded.
You hit the ogre.
The ogre is severely wounded.
The ogre hits you with a giant club!
You die...

# #......# ######## # #.#....#
#....... ##### #.###'## #.......
....# ######.....# #....... ###.#
#....#..#..#########....... #.#.#
#.##.#..#..#.......'.......
..#>###.#.....#..#<#######.......
#.#)....#.....####.#.............
..........(.....@Og#.####........
..########...#####g..)..†........
####..[......# #.(..###..#######
# #....###..# #'##......##### #
#....# #..#


#gg #####......# # #.)..# #..# #gg ######## # #.#### #..# #.O ##########
###.######..#######........# #.................###....#.# You could see an ogre
and 2 goblins.

Vanquished Creatures
  5 adders
  4 gnolls (D:3)
  3 oozes
  11 dart slugs (D:3)
  A leopard gecko (D:2)
  4 orcs (D:3)
  4 giant cockroaches
  9 goblins
  7 hobgoblins
  6 jackals
  11 kobolds
  A ball python (D:2)
  12 bats
  5 frilled lizards
  4 rats
87 creatures vanquished.

Notes
Turn   | Place    | Note
-------+----------+-------------------------------------------
     0 | D:1      | inc the Demonspawn Monk began the quest for the Orb.
     0 | D:1      | Reached XP level 1. HP: 18/18 MP: 1/1
     6 | D:1      | Noticed a lindwurm
     6 | D:1      | Noticed a hound
     6 | D:1      | Noticed a killer bee
     6 | D:1      | Noticed a water moccasin
   107 | D:1      | Reached skill level 3 in Dodging
   282 | D:1      | Gained mutation: Your flesh is cold resistant. (rC+) [demonic ancestry]
   282 | D:1      | Reached XP level 2. HP: 24/24 MP: 2/2
  1085 | D:2      | Found a runed door.
  1225 | D:2      | Reached XP level 3. HP: 25/29 MP: 3/3
  1241 | D:2      | Reached skill level 4 in Dodging
  1954 | D:2      | Reached XP level 4. HP: 13/35 MP: 4/4
  3020 | D:3      | Reached skill level 5 in Dodging
  3295 | D:3      | Gained mutation: You are partially covered in sharp spines. [demonic ancestry]
  3295 | D:3      | Reached XP level 5. HP: 41/41 MP: 5/5
  3712 | D:3      | Noticed an ogre
  3742 | D:3      | Mangled by an ogre

Skill      XL: |  1  2  3  4  5 |
---------------+----------------+-----
Dodging        | 3 4 5 |  5.1
Fighting       | 4 |  4.1
Maces & Flails | |  2.6
Stealth        | |  1.7

Action                   |  1- 3 |  4- 6 || total
-------------------------+-------+-------++-------
Melee: Mace              |    74 |       ||    74
       Whip              |   113 |   206 ||   319
  Use: Scroll            |       |     3 ||     3
       Potion            |       |     1 ||     1
 Stab: Sleeping          |     3 |       ||     3
  Eat: Chunk             |     3 |     6 ||     9
Armor: Robe              |    23 |       ||    23
       Leather armour    |    45 |    55 ||   100
Dodge: Dodged            |   154 |   148 ||   302
